 Dungeon Crawl Stone Soup version 0.30.1-4-g462c640d31 (webtiles) character file.

Game seed: 1261000647252026924

86 shmup the Firebug (level 4, -2/24 HPs)
             Began as a Tengu Fire Elementalist on Aug 14, 2023.
             Slain by an orc
             ... wielding a +0 club
              (4 damage)
             ... on level 3 of the Dungeon.
             The game lasted 00:04:45 (1168 turns).

shmup the Firebug (Tengu Fire Elementalist)         Turns: 1168, Time: 00:04:46

Health: -2/24      AC:  2    Str:  9    XL:     4   Next: 50%
Magic:  1/8        EV: 12    Int: 17    God:
Gold:   49         SH:  0    Dex: 14    Spells: 4/7 levels left

rFire   . . .        g - +0 spear
rCold   . . .        (no shield)
rNeg    . . .        a - +0 robe
rPois   .            (helmet restricted)
rElec   .            (no cloak)
rCorr   .            (no gloves)
SInv    .            (boots unavailable)
Will    .....        (no amulet)
Stlth   ++           (no ring)
HPRegen 0.24/turn    (no ring)
MPRegen 0.11/turn

%: no passive effects
@: no status effects
A: beak, talons 3
a: no special abilities


You were on level 3 of the Dungeon.
You visited 1 branch of the dungeon, and saw 3 of its levels.

You collected 49 gold pieces.

Inventory:

Hand Weapons
 d - a +0 dagger
 g - a +0 spear (weapon)
 k - a +0 sling
Missiles
 e - 10 stones (quivered)
Armour
 a - a +0 robe (worn)
Scrolls
 c - a scroll of amnesia {unknown}
Potions
 b - 2 potions of magic
 f - a potion of haste {unknown}
 h - a potion of degeneration {unknown}
 i - 2 potions of curing {unknown}
 j - a potion of attraction {unknown}


   Skills:
 - Level 2.1 Dodging
 - Level 2.0 Stealth
 - Level 2.0 Spellcasting
 + Level 3.2 Conjurations
 * Level 5.0 Fire Magic


You had 4 spell levels left.
You knew the following spells:

 Your Spells              Type           Power      Damage    Failure   Level
a - Foxfire               Conj/Fire      60%        2x1d7     3%          1
b - Scorch                Fire           36%        2d7       3%          2

Your spell library contained the following spells:

 Spells                   Type           Power      Damage    Failure   Level
 Inner Flame              Hex/Fire       10%        N/A       21%         3
 Volatile Blastmotes      Fire/Tloc      20%        2d11      21%         3
 Lesser Beckoning         Tloc           2%         N/A       28%         2
 Flame Wave               Conj/Fire      15%        2d7       34%         4
 Gell's Gravitas          Tloc           1%         N/A       50%         3
 Teleport Other           Tloc           1%         N/A       50%         3


Dungeon Overview and Level Annotations

Branches:
Dungeon (3/15) Zot: 16832

Altars:

Shops:
D:1 [

Annotations:
D:2 Sigmund


Innate Abilities, Weirdness & Mutations

You have a beak for a mouth.
You have claws for feet.


Message History

Aim: an orc, wielding a +0 dagger (severely wounded, about 40% to evade your +0 spear)
You reach to attack!
You hit the orc but do no damage.
The orc is severely wounded.
You hit the orc. Your kick misses the orc.
The orc is almost dead.
The orc hits you but does no damage.
You hit the orc.
You kill the orc!
Casting: Foxfire (safe; 3% risk of failure)
Confirm with . or Enter, or press ? or * to list all spells.
Flames lash the orc.
The orc is moderately wounded.
The orc's fire resistance burns away.
The orc closely misses you.
Unknown command.
You hit the orc but do no damage. Your kick misses the orc.
You peck the orc, but do no damage.
The orc is moderately wounded.
The orc hits you with a +0 club.
Unknown command.
The orc attacks as you move away! The orc closely misses you.
The orc attacks as you move away! The orc barely misses you.
The orc is no longer more vulnerable to fire.
The orc attacks as you move away! The orc hits you with a +0 hand axe.
The orc attacks as you move away! The orc closely misses you.
The orc attacks as you move away! The orc hits you with a +0 hand axe.
* * * LOW HITPOINT WARNING * * *
A giant cockroach comes into view.
The orc attacks as you move away! The orc hits you with a +0 hand axe.
* * * LOW HITPOINT WARNING * * *
The orc attacks as you move away! The orc hits you with a +0 club.
* * * LOW HITPOINT WARNING * * *
The orc hits you with a +0 club.
* * * LOW HITPOINT WARNING * * *
The orc attacks as you move away! The orc misses you.
The orc attacks as you move away! The orc hits you with a +0 club.
* * * LOW HITPOINT WARNING * * *
The orc attacks as you move away! The orc hits you with a +0 club.
* * * LOW HITPOINT WARNING * * *
The orc attacks as you move away! The orc hits you with a +0 club.
You die...

▒▒▒▒▒▒▒ ......▒ ▒▒▒▒▒.▒
....▒.▒ ..▒.▒.▒
▒▒▒▒▒▒▒▒▒▒ ..▒...▒
▒.Q....... ▒▒▒▒▒▒▒▒▒▒▒
▒o▒▒▒▒▒▒▒▒ ▒.........▒
▒o▒▒▒▒▒... ▒......▒▒.▒
▒...B...▒▒
▒.......▒.▒+▒+▒<.......+
▒.......▒..............▒
▒.....▒.▒..............+
▒▒▒.▒.▒.▒..............▒
....▒...▒..............+


You could see 2 orcs.

Vanquished Creatures
  An orc priest (D:3)
  2 adders
  A dart slug (D:1)
  2 orcs (D:3)
  2 ball pythons (D:1)
  2 bats
  An endoplasm (D:3)
  2 giant cockroaches
  5 goblins (D:1)
  2 hobgoblins (D:1)
  3 jackals (D:1)
  3 kobolds (D:1)
  2 quokkas (D:1)
  A frilled lizard (D:1)
  2 rats
31 creatures vanquished.

Vanquished Creatures (others)
  68 foxfires
68 creatures vanquished.

Grand Total: 99 creatures vanquished

Notes
Turn   | Place    | Note
-------+----------+-------------------------------------------
     0 | D:1      | shmup the Tengu Fire Elementalist began the quest for the
                  | Orb.
     0 | D:1      | Reached XP level 1. HP: 10/10 MP: 4/4
   139 | D:1      | Reached XP level 2. HP: 15/15 MP: 0/6
   144 | D:1      | Learned a level 2 spell: Scorch
   283 | D:1      | Reached skill level 4 in Fire Magic
   504 | D:1      | Reached XP level 3. HP: 19/19 MP: 5/7
   681 | D:1      | Found Buarphil's Antique Armour Emporium.
   914 | D:2      | Noticed Sigmund
  1151 | D:3      | Reached skill level 5 in Fire Magic
  1151 | D:3      | Reached XP level 4. HP: 24/24 MP: 2/8
  1168 | D:3      | Slain by an orc

Illustrated notes

Levels and vault maps discovered:
D:1:      dpeg_arrival_erosion, layout_rooms, serial_shops,
          nicolae_shop_peninsula
D:2:      layout_loops_cross, chequers_ecumenical_altar_simple, st_stairs_4,
          amcnicky_mini_rare_corridor_liquid, uniq_sigmund
D:3:      layout_basic

Skill      XL: |  1  2  3 |
---------------+----------+-----
Conjurations   | 2 3 |  3.2
Fire Magic     | 4 5 |  5.0
Dodging        | |  2.1
Stealth        | |  2.0
Spellcasting   | |  2.0

Action                     |  1- 3 |  4- 6 || total
---------------------------+-------+-------++-------
  Melee: Spear             |    10 |     4 ||    14
         Kick              |     3 |       ||     3
         Peck              |     1 |     1 ||     2
   Cast: Foxfire           |    37 |     1 ||    38
         Scorch            |     8 |     1 ||     9
    Use: Scroll            |     1 |       ||     1
   Stab: Sleeping          |     1 |       ||     1
 Armour: Robe              |     5 |     1 ||     6
  Dodge: Dodged            |    15 |     5 ||    20
